AoeStats
← MylordSoares

Black Forest

509703568Analyzed
4v4 RM · 3d ago on Sep 27, 2026· 42m 37s· 8 players
Game mode
Random Map
Map size
Large (8 player)
Population
200
Speed
Normal
Resources
Standard
Victory
Conquest
Starting age
Dark Age
Ending age
Imperial Age
RankedLock teamsTeams togetherTeam positionsShared explorationLock speedFull tech treeHidden civsTurbo modeCheats
Victory
Defeat
🇬🇧 Bohemians · United Kingdom
1031
+13
🇬🇧 Saxons · United Kingdom
998
+15
🇬🇧 Mapuche · United Kingdom
997
+15
🇬🇧 Turks · United Kingdom
996
+15
🇧🇷 Khmer · Brazil
1053
-18
🇨🇿 Italians · Czechia
1017
-16
🇨🇳 Poles · China
968
-14
🇧🇷 Khmer · Brazil
856
-10
Zuzujj
2:50 Loom
11:48 Feudal Age
18:03 Castle Age
15:58 Double-Bit Axe
16:02 Horse Collar
25:46 Wheelbarrow
25:30 Bow Saw
25:30 Heavy Plow
28:09 Bloodlines
29:31 Light Cavalry
31:27 Fletching
31:38 Padded Archer Armor
31:45 Husbandry
35:52 Bodkin Arrow
36:08 Forging
35:38 Crossbowman
36:23 Thumb Ring
39:03 Imperial Age
39:08 Leather Archer Armor
39:42 Ballistics
39:42 Gold Mining
39:46 Arbalester
41:41 Chemistry
MylordSoares
0:31 Loom
15:28 Feudal Age
17:02 Horse Collar
17:15 Double-Bit Axe
20:51 Castle Age
23:15 Gold Mining
24:30 Bow Saw
41:13 Imperial Age
M1rc0ss_
0:47 Loom
18:10 Feudal Age
20:58 Castle Age
19:02 Double-Bit Axe
18:59 Horse Collar
19:12 Gold Mining
19:14 Stone Mining
22:21 Bow Saw
22:13 Heavy Plow
22:51 Stone Shaft Mining
22:53 Gold Shaft Mining
26:22 Wheelbarrow
29:06 Hand Cart
33:07 Imperial Age
30:53 Forging
31:33 Scale Barding Armor
31:42 Bloodlines
31:33 Husbandry
30:53 Light Cavalry
32:04 Caravan
33:33 Iron Casting
33:19 Chain Barding Armor
34:03 Double Crossbow
34:51 Conscription
33:54 Elite Battle Elephant
35:47 Blast Furnace
37:05 Hussar
39:12 Plate Barding Armor
39:59 Elite Ballista Elephant
做宝可梦
11:43 Feudal Age
16:25 Castle Age
14:40 Double-Bit Axe
15:08 Horse Collar
18:03 Loom
23:31 Stone Mining
23:34 Gold Mining
23:48 Heavy Plow
24:05 Bow Saw
27:33 Forging
27:29 Scale Barding Armor
29:12 Iron Casting
31:26 Imperial Age
29:35 Wheelbarrow
28:48 Town Watch
29:45 Stone Shaft Mining
29:50 Caravan
31:25 Chain Barding Armor
30:48 Treadmill Crane
31:06 Murder Holes
31:22 Masonry
31:33 Ballistics
31:31 Bloodlines
31:24 Husbandry
30:48 Light Cavalry
32:35 Conscription
32:37 Lechitic Legacy
33:53 Chemistry
32:39 Arrowslits
33:00 Siege Engineers
33:38 Winged Hussar
35:27 Crop Rotation
35:28 Thumb Ring
36:41 Blast Furnace
39:35 Fletching
39:45 Padded Archer Armor
42:18 Hand Cart
42:05 Town Patrol
Emstree
1:56 Loom
14:10 Feudal Age
19:37 Castle Age
19:54 Double-Bit Axe
19:54 Horse Collar
20:11 Gold Mining
26:19 Imperial Age
25:40 Fortified Wall
27:04 Gold Shaft Mining
26:44 Bow Saw
29:59 Ballistics
32:23 Fletching
33:26 Fervor
33:41 Sanctity
34:07 Theocracy
41:30 Capped Ram
GummiMaster2
2:59 Loom
13:50 Feudal Age
14:26 Town Watch
17:29 Castle Age
16:26 Double-Bit Axe
20:43 Horse Collar
25:36 Heavy Plow
25:59 Redemption
26:12 Sanctity
27:04 Wheelbarrow
26:31 Gold Mining
26:33 Stone Mining
28:30 Bow Saw
29:11 Squires
29:49 Hand Cart
29:37 Arson
30:12 Devotion
31:24 Fishing Lines
34:39 Imperial Age
32:15 Fletching
33:17 Forging
33:07 Scale Mail Armor
33:17 Gambesons
34:01 Scale Mail Armor
34:36 Iron Casting
34:04 Clerical Recruitment
36:15 Illumination
36:29 Theocracy
35:30 Elite Varangian Guard
35:42 Shield Wall
37:44 Chain Mail Armor
37:55 Conscription
37:36 Elite Hearth Troop
38:52 Hoardings
38:48 Town Patrol
38:58 Scale Barding Armor
39:16 Ballistics
42:03 Caravan
41:35 Pikeman
43:05 Gold Shaft Mining
42:47 Guilds
Clandestine
0:50 Loom
14:16 Feudal Age
15:45 Double-Bit Axe
19:45 Castle Age
25:43 Imperial Age
23:53 Bow Saw
23:52 Fishing Lines
24:54 Ballistics
26:23 Chemistry
26:00 Gillnets
28:47 Fortified Wall
29:46 Wheelbarrow
32:19 Pikeman
34:01 Halberdier
35:53 Squires
37:01 Forging
36:52 Scale Mail Armor
36:37 Houfnice
39:03 Town Watch
42:54 Iron Casting
Cabosh
11:25 Feudal Age
12:51 Loom
15:43 Castle Age
13:49 Double-Bit Axe
24:26 Fishing Lines
25:16 Bow Saw
27:01 Wheelbarrow
26:19 Gold Mining
26:20 Stone Mining
28:18 Hand Cart
28:34 Gillnets
31:16 Imperial Age
29:39 Ballistics
28:59 Treadmill Crane
30:02 Gold Shaft Mining
30:02 Stone Shaft Mining
29:26 Fletching
29:37 Padded Archer Armor
32:15 Coinage
31:43 Bodkin Arrow
32:03 Leather Archer Armor
33:15 Chemistry
31:45 Elite Bolas Rider
34:10 Ring Archer Armor
33:53 Malon
33:59 Butalmapu
34:15 Conscription
35:21 Banking
Connection lost

Rejoining the realm…

Still unreachable

The connection could not be restored.

Session expired

The server has moved on; the page needs a fresh start.